 Dungeon Crawl Stone Soup version 0.22-a0-601-gb0ed703ee0 (webtiles) character file.

140 PikkenKukken the Skirmisher (level 5, -11/46 HPs)
             Began as a Draconian Fighter on July 7, 2018.
             Splashed by Pikel's acid (12 damage)
             ... on level 4 of the Dungeon.
             The game lasted 00:05:49 (2063 turns).

PikkenKukken the Skirmisher (Draconian Fighter)     Turns: 2063, Time: 00:05:50

Health: -11/46     AC: -1    Str: 18    XL:     5   Next: 2%
Magic:  5/5        EV: 12    Int:  8    God:
Gold:   164        SH:  9    Dex: 12    Spells: 4/4 levels left

rFire    . . .     SeeInvis .   a - +0 rapier
rCold    . . .     Gourm    +   b - +0 shield
rNeg     . . .     Faith    .   (armour unavailable)
rPois    .         Spirit   .   (helmet restricted)
rElec    .         Reflect  .   o - scarf {cloud immunity}
rCorr    .         Harm     .   e - +0 pair of gloves
MR       .....                  q - +0 pair of boots
Stlth    +.........             s - amulet of the gourmand
HPRegen  0.15/turn              g - +1 ring of evasion
MPRegen  0.09/turn              (no ring)

@: corroded
A: unfitting armour, cold-blooded, AC +5
a: no special abilities


You were on level 4 of the Dungeon.
You were completely stuffed.

You visited 1 branch of the dungeon, and saw 4 of its levels.

You collected 164 gold pieces.

Inventory:

Hand Weapons
 a - a +0 rapier (weapon)
Missiles
 f - 3 poisoned javelins
 t - 6 tomahawks (quivered)
Armour
 b - a +0 shield (worn)
 e - a +0 pair of gloves (worn)
 o - a scarf of cloud immunity (worn)
 q - a +0 pair of boots (worn)
Jewellery
 g - a +1 ring of evasion (left hand)
 p - an uncursed ring of wizardry {unknown}
 s - an amulet of the gourmand (around neck)
Scrolls
 v - a scroll of identify
Potions
 c - a potion of might
 h - a potion of cancellation
 i - a potion of magic
 j - a potion of resistance
 k - a potion of curing
 l - a potion of heal wounds {unknown}
 m - a potion of agility {unknown}
 n - a potion of mutation {unknown}
 r - a potion of lignification {unknown}
Comestibles
 d - 3 rations
 u - 2 chunks of flesh


   Skills:
 + Level 4.1 Fighting
 + Level 2.9 Short Blades
 + Level 1.2 Throwing
 + Level 3.4 Dodging
 + Level 3.7 Shields


You had 4 spell levels left.
You didn't know any spells.
Your spell library was empty.

Dungeon Overview and Level Annotations

Branches:
Dungeon (4/15)
 Temple: D:4-7

Altars:
Qazlal
Ru
Vehumet
Zin

Annotations:
D:4 Pikel


Innate Abilities, Weirdness & Mutations

Your plain brown scales are hard. (AC +5)
You cannot fit into any form of body armour.
You are cold-blooded and may be slowed by cold attacks.


Message History

Eating one of 3 chunks of flesh.
You eat one of the 3 chunks of flesh.
This raw flesh tastes great.
v - a scroll of identify
Found a stone staircase leading down. 3 slaves, Pikel and a skeleton come into view.
Pikel is wielding a whip of freezing.
Pikel shouts!
The slave shouts! x2
A slave comes into view.
Pikel cracks his whip.
The slave moves out of view.
Okay, then.
The slave shouts!
You hear a shout!
A jackal comes into view.
The jackal barks!
Pikel zaps a wand.
The bolt of acid hits you! The acid corrodes you!
You are splashed with acid!
The acid burns!
It is a wand of acid (5).
Pikel zaps a wand.
The bolt of acid hits you!
* * * LOW HITPOINT WARNING * * *
The acid corrodes you!
You are splashed with acid!
The acid burns!
You die...

#+####
#)...#####
#.<.......
##....#####
##....#####
#...@.....#
#.....###.#
########.#.#.#
.............#
########.#.###
#.#K#
######.#Z#####.#
#.......p......#
#>######p#######


You could see Pikel, a slave and a hound skeleton.

Vanquished Creatures
  A crimson imp (D:3)
  Robin (D:3)
  An adder (D:2)
  2 worms (D:2)
  A dart slug (D:1)
  3 leopard geckos
  5 orcs
  A ball python (D:1)
  6 giant cockroaches
  9 goblins
  9 hobgoblins
  3 jackals (D:2)
  4 quokkas
  6 bats
  2 frilled lizards
  3 kobolds
  10 rats
67 creatures vanquished.

Notes
Turn   | Place    | Note
-------+----------+-------------------------------------------
     0 | D:1      | PikkenKukken the Draconian Fighter began the quest for the Orb.
     0 | D:1      | Reached XP level 1. HP: 19/19 MP: 1/1
   237 | D:1      | Reached XP level 2. HP: 26/26 MP: 2/2
   873 | D:2      | Found a sacrificial altar of Ru.
   874 | D:2      | Found a stormy altar of Qazlal.
   874 | D:2      | Found a glowing silver altar of Zin.
   908 | D:2      | Reached XP level 3. HP: 28/31 MP: 3/3
  1358 | D:3      | Reached XP level 4. HP: 40/40 MP: 4/4
  1376 | D:3      | Noticed Robin
  1405 | D:3      | Killed Robin
  1410 | D:3      | Reached skill level 4 in Fighting
  1410 | D:3      | Reached skill level 1 in Throwing
  1471 | D:3      | Found a radiant altar of Vehumet.
  2017 | D:3      | Reached XP level 5. HP: 46/46 MP: 5/5
  2051 | D:4      | Noticed Pikel
  2051 | D:4      | Noticed a slave
  2051 | D:4      | Noticed a slave
  2051 | D:4      | Noticed a slave
  2051 | D:4      | Noticed a slave
  2063 | D:4      | HP: 1/46 [Pikel/wand of acid (5) (17)]
  2063 | D:4      | Splashed by Pikel's acid

Vault maps used:
D:1:      lightli_iron_boxes
D:2:      minitemple
D:3:      lemuel_crystal_altar, uniq_robin
D:4:      minmay_misc_feat_chi, uniq_eustachio, uniq_pikel, uniq_edmund

Skill      XL: |  1  2  3  4 |
---------------+-------------+-----
Dodging        | 3 |  3.4
Fighting       | 4 |  4.1
Throwing       | 1 |  1.2
Short Blades   | |  2.9
Shields        | |  3.7

Action                   |  1- 3 |  4- 6 || total
-------------------------+-------+-------++-------
Melee: Rapier            |   138 |    60 ||   198
       Tailslap          |    16 |     4 ||    20
  Use: Scroll            |     4 |     2 ||     6
 Stab: Sleeping          |       |     1 ||     1
  Eat: Chunk             |     2 |    16 ||    18
Armor: Skin              |    45 |    11 ||    56
Dodge: Dodged            |    75 |    32 ||   107
Block: Shield            |    69 |    21 ||    90

Table legend:
 A = Spawn XP
 B = Non-spawn XP
 C = Spawn XP percentage of total XP
 D = Spawn monster count
 E = Non-spawn monster count
 F = Spawn count percentage of total count
 G = Total turns spent on level
                    A         B        C        D         E        F      G
               +---------+---------+-------+---------+---------+-------+---------
         Total |       0 |     200 |   0.0 |       0 |      67 |   0.0 |  2063
               +---------+---------+-------+---------+---------+-------+---------
           D:1 |       0 |      35 |   0.0 |       0 |      22 |   0.0 |   858
           D:2 |       0 |      58 |   0.0 |       0 |      22 |   0.0 |   487
           D:3 |       0 |     104 |   0.0 |       0 |      22 |   0.0 |   674
           D:4 |       0 |       3 |   0.0 |       0 |       1 |   0.0 |    44
               +---------+---------+-------+---------+---------+-------+---------
